AoeStats
← Tanana

Nomad

503175139Analyzed
4v4 RM · 1mo ago on Aug 30, 2026· 60m 17s· 8 players
Game mode
Random Map
Map size
231×231
Population
200
Speed
Normal
Resources
Standard
Victory
Conquest
Starting age
Dark Age
Ending age
Imperial Age
RankedLock teamsTeams togetherTeam positionsShared explorationLock speedFull tech treeHidden civsTurbo modeCheats
Victory
Defeat
🇩🇪 Byzantines · Germany
1370
+18
🇩🇪 Vietnamese · Germany
1331
+20
🇩🇪 Persians · Germany
1331
+20
🇩🇪 Koreans · Germany
1326
+20
🇨🇳 Japanese · China
1452
-21
🇺🇸 Magyars · United States
1407
-19
🇲🇾 Gurjaras · Malaysia
1402
-19
🇨🇳 Mongols · China
1385
-18
_SKY_菜刀
15:51 Feudal Age
20:38 Castle Age
18:25 Double-Bit Axe
18:33 Stone Mining
19:25 Gold Mining
22:17 Medium Warships
24:07 Gold Shaft Mining
24:56 Bow Saw
29:26 Imperial Age
27:27 Fishing Lines
29:07 Fletching
29:09 Demolition Ship
30:01 Heavy Demolition Ship
32:15 Heated Shot
32:08 Treadmill Crane
33:03 Conscription
35:15 Wheelbarrow
34:41 Gillnets
37:28 Hand Cart
36:37 Elite Chakram Thrower
37:19 Loom
39:07 Chemistry
38:28 Ballistics
39:46 Stone Shaft Mining
40:21 Scale Mail Armor
40:17 Bodkin Arrow
40:23 Padded Archer Armor
44:35 Horse Collar
47:13 Heavy Camel Rider
47:55 Husbandry
49:13 Heavy Plow
骑人机的骑士
12:17 Feudal Age
16:38 Castle Age
14:36 Stone Mining
14:59 Loom
15:36 Double-Bit Axe
16:26 Gold Mining
17:50 Bow Saw
17:48 Padded Archer Armor
17:38 Fletching
26:16 Horse Collar
31:41 Heavy Plow
38:03 Imperial Age
36:36 Stone Shaft Mining
36:36 Gold Shaft Mining
37:11 Leather Archer Armor
37:12 Bodkin Arrow
39:10 Ballistics
39:39 Conscription
40:30 Wheelbarrow
40:41 Gold Shaft Mining
42:28 Bracer
43:31 Chemistry
44:46 Elite Mangudai
46:23 Drill
47:41 Hand Cart
47:32 Husbandry
47:42 Bloodlines
48:04 Parthian Tactics
48:04 Capped Ram
48:26 Onager
48:41 Light Cavalry
50:34 Siege Ram
51:47 Forging
51:43 Scale Barding Armor
58:03 Chain Barding Armor
58:26 Iron Casting
57:14 Hussar
beneath mariana
4:56 Loom
16:07 Feudal Age
16:49 Town Watch
20:00 Castle Age
18:17 Double-Bit Axe
18:49 Horse Collar
19:39 Gold Mining
19:44 Stone Mining
21:42 Bow Saw
24:07 Wheelbarrow
23:27 Fishing Lines
24:59 Scale Mail Armor
27:14 Chain Mail Armor
27:19 Medium Warships
32:40 Imperial Age
30:51 Squires
34:50 Conscription
35:50 Plate Mail Armor
35:33 Forging
37:28 Kataparuto
37:58 Kataparuto
41:11 Arson
43:19 Masonry
45:41 Ballistics
45:58 Iron Casting
46:55 Hand Cart
54:33 Two-Man Saw
55:43 Fletching
57:40 Pikeman
K-1000
3:37 Loom
14:12 Feudal Age
14:50 Double-Bit Axe
16:38 Fletching
18:46 Fishing Lines
19:14 Town Watch
23:58 Castle Age
22:50 Gold Mining
24:33 Bloodlines
24:59 Medium Warships
25:05 Bodkin Arrow
25:46 Bow Saw
25:28 Gillnets
27:32 Scale Barding Armor
27:32 Husbandry
28:30 Stone Mining
30:12 Wheelbarrow
31:33 Gold Shaft Mining
36:31 Imperial Age
35:38 Hand Cart
37:48 Conscription
38:39 Chain Barding Armor
40:51 Hoardings
40:54 Plate Barding Armor
45:38 Elite Magyar Huszar
48:27 Masonry
54:00 Recurve Bow
Fürst Zono
4:33 Loom
12:57 Feudal Age
16:35 Castle Age
17:05 Double-Bit Axe
18:01 Bow Saw
19:06 Wheelbarrow
23:04 Horse Collar
27:38 Heavy Plow
30:30 Hand Cart
34:12 Imperial Age
31:58 Husbandry
32:05 Scale Barding Armor
34:14 Chain Barding Armor
34:21 Gold Mining
35:46 Plate Barding Armor
34:45 Heavy Camel Rider
36:21 Forging
38:32 Iron Casting
41:19 Gold Shaft Mining
40:35 Stone Mining
41:03 Fletching
42:58 Bodkin Arrow
43:54 Coinage
45:44 Ballistics
46:25 Chemistry
47:00 Conscription
46:50 Logistica
47:37 Bracer
51:02 Padded Archer Armor
I still hate Goths
3:10 Loom
13:30 Feudal Age
18:17 Castle Age
16:16 Double-Bit Axe
16:59 Horse Collar
17:39 Stone Mining
20:22 Fletching
30:11 Wheelbarrow
34:04 Imperial Age
32:09 Scale Barding Armor
32:15 Bloodlines
32:06 Husbandry
32:28 Bodkin Arrow
33:47 Forging
34:22 Chain Barding Armor
33:55 Cavalier
37:02 Plate Barding Armor
37:30 Iron Casting
38:16 Light Cavalry
45:32 Bow Saw
46:02 Conscription
45:10 Capped Ram
47:11 Blast Furnace
46:12 Gold Mining
47:25 Savar
I still love Koreans
4:28 Loom
12:56 Feudal Age
16:35 Castle Age
15:56 Double-Bit Axe
17:20 Wheelbarrow
17:29 Fletching
18:11 Bodkin Arrow
20:07 Elite Skirmisher
21:53 Fishing Lines
28:28 Town Watch
29:16 Ballistics
30:51 Gillnets
32:12 Careening
35:33 Imperial Age
34:08 Hand Cart
33:51 Gold Mining
34:29 Stone Mining
34:53 Eupseong
34:46 Crossbowman
37:20 Chemistry
36:28 Heated Shot
38:22 Horse Collar
40:41 Arbalester
46:09 Thumb Ring
46:04 Arrowslits
46:22 Heavy Plow
47:09 Imperial Skirmisher
49:07 Bracer
60:07 Bow Saw
Tanana
4:25 Loom
15:16 Feudal Age
19:15 Castle Age
17:09 Horse Collar
19:26 Scale Mail Armor
20:20 Double-Bit Axe
23:36 Bow Saw
23:31 Fletching
25:48 Medium Warships
27:23 Elite Skirmisher
28:56 Bodkin Arrow
30:53 Padded Archer Armor
31:13 Thumb Ring
54:34 Imperial Age
55:17 Chain Mail Armor
55:13 Forging
57:18 Plate Mail Armor
57:46 Iron Casting
58:39 Heavy Plow
60:12 Elite Fire Lancer
Connection lost

Rejoining the realm…

Still unreachable

The connection could not be restored.

Session expired

The server has moved on; the page needs a fresh start.